 Dungeon Crawl Stone Soup version 0.29.0-4-gdea44cf6ec (webtiles) character file.

Game seed: 13805275637375966676

2732 qw the Blocker (level 9, -10/63 (68) HPs)
             Began as a Formicid Cinder Acolyte on Sept 3, 2022.
             Was a Believer of Ignis.
             Mangled by a wight
             ... wielding a +0 battleaxe
              (17 damage)
             ... on level 7 of the Dungeon.
             The game lasted 00:03:34 (8568 turns).

qw the Blocker (Formicid Cinder Acolyte)            Turns: 8568, Time: 00:03:35

HP:   -10/63 (68)   AC:  6    Str: 23    XL:     9   Next: 99%
MP:   10/10         EV:  6    Int: 14    God:    Ignis [**....]
Gold: 298           SH: 15    Dex:  9    Spells: 10/10 levels left

rFire   + . .      SeeInvis +   Y - +2 battleaxe
rCold   . . .      Faith    .   n - +0 tower shield
rNeg    . . .      Spirit   .   l - +0 chain mail
rPois   .          Reflect  .   (helmet unavailable)
rElec   .          Harm     .   (no cloak)
rCorr   .          Rampage  .   e - +1 pair of gloves
Will    +....                   (no boots)
Stlth   ..........              b - amulet of the acrobat
HPRegen 0.20/turn               s - ring of willpower
MPRegen 0.12/turn               (no ring)

@: corroded, fiery-armoured, drained
A: permanent stasis, dig shafts and tunnels, antennae 3, four strong arms
a: Dig, Shaft Self, Renounce Religion, Fiery Armour, Foxfire Swarm, Rising Flame


You were on level 7 of the Dungeon.
You worshipped Ignis.
Ignis was pleased with you.
You visited 1 branch of the dungeon, and saw 7 of its levels.

You collected 298 gold pieces.


Innate Abilities, Weirdness & Mutations

You cannot be hasted, slowed, berserked, paralysed or teleported.
You can dig through walls and to a lower floor.
You have a pair of large antennae on your head. (SInv)
Your four strong arms can wield two-handed weapons with a shield.


   Skills:
 - Level 5.0 Fighting
 + Level 8.1 Axes
 - Level 1.2 Throwing
 - Level 4.1 Armour
 - Level 1.0 Dodging
 - Level 11.3 Shields
 - Level 1.1 Spellcasting
 - Level 3.0 Fire Magic


You had 10 spell levels left.
You didn't know any spells.
Your spell library contained the following spells:

 Spells                   Type           Power      Damage    Failure   Level
 Scorch                   Fire           18%        2d5       97%         2

Inventory:

Hand Weapons
 h - a +2 hand axe of flaming
 Y - a +2 battleaxe (weapon)
Missiles
 g - 7 boomerangs
 q - 2 silver boomerangs (quivered)
Armour
 e - a +1 pair of gloves (worn)
 l - a +0 chain mail (worn)
 n - a +0 tower shield (worn)
Jewellery
 b - an amulet of the acrobat (around neck)
 c - an amulet of regeneration
 s - a ring of willpower (left hand)
Wands
 i - a wand of digging (3)
Scrolls
 a - a scroll of teleportation
 d - a scroll of identify
Potions
 f - 3 potions of curing
 j - a potion of mutation
 m - 4 potions of might
 r - a potion of lignification {unknown}

Dungeon Overview and Level Annotations

Branches:
Dungeon (7/15)             Temple (0/1) D:4

Altars:
Okawaru
The Shining One

Shops:
D:4 (

Annotations:
D:3 1 runed translucent door, Crazy Yiuf


Message History

The white imp disappears in a puff of smoke!
The quasit disappears in a puff of smoke!
Your life force feels restored.
Your Armour skill gained 2 levels and is now at level 4!
The wight completely misses you. The wight misses you.
Things that are here:
a +0 dagger; a +0 robe; a kobold corpse You hit the wight.
The wight is lightly damaged.
You slash the wight! You hit the wight. You block the wight's attack.
The wight closely misses you. The wight barely misses you.
You hit the wight but do no damage.
The wight is heavily damaged.
You hit the wight but do no damage. You barely miss the wight.
You block the wight's attack. The wight hits you with a +0 battleaxe!
The wight is burned by your cloak of flames.
The wight is severely damaged.
You block the wight's attack. x2; The wight hits you with a +0 spear.
You feel drained.
The wight is burned by your cloak of flames.
The wight is lightly damaged.
The wight hits you with a +0 battleaxe.
You hit the wight but do no damage.
The wight is severely damaged.
You slash the wight! You barely miss the wight. You block the wight's attack.
The wight barely misses you.
The wight hits you with a +0 long sword!
You slash the wight!
You destroy the wight!
You barely miss the wight. You hit the wight.
The wight hits you with a +0 long sword!
You feel drained.
The wight is burned by your cloak of flames.
The wight is moderately damaged.
The wight hits you with a +0 battleaxe.
You feel drained.
The wight is burned by your cloak of flames.
The wight is almost destroyed.
The wight closely misses you. The wight hits you with a +0 battleaxe!
You die...

...###........#
#. ..{#
####.....# #.
...# #.....# ..
..{# ###'######
## ....
#.......# ##5..
#...###.# #
#.55.
#.#..##.###.###
#...
#.##.##.).....#
#. #...@z# #.
#####z.# #. #.#
... ... ##.>.
.#. #


You could see 2 wights.

Vanquished Creatures
  Pikel (D:7)
  Joseph (D:7)
  A kobold demonologist (D:7)
  Sigmund (D:2)
  2 steam dragons
  2 sky beasts
  A lemure (D:7)
  Blork the orc (D:4)
  2 necrophages
  A kobold brigand (D:7)
  A bullfrog (D:6)
  2 scorpions (D:5)
  A gnoll sergeant (D:7)
  A wight (D:7)
  A hound (D:5)
  Jessica (D:2)
  2 iguanas
  Natasha (thrice) (D:2)
  2 orc wizards (D:7)
  11 gnolls
  7 adders
  A shadow imp (D:6)
  2 ufetubi
  5 worms
  6 dart slugs
  8 orcs
  10 ball pythons
  8 endoplasms
  A giant cockroach (D:3)
  5 goblins
  13 hobgoblins
  7 jackals
  2 quokkas
  3 bats
  2 frilled lizards (D:2)
  13 kobolds
  5 rats
136 creatures vanquished.

Vanquished Creatures (others)
  11 fungi (D:5)
11 creatures vanquished.

Grand Total: 147 creatures vanquished

Notes
Turn   | Place    | Note
-------+----------+-------------------------------------------
     0 | D:1      | qw the Formicid Cinder Acolyte began the quest for the Orb.
     0 | D:1      | Reached XP level 1. HP: 18/18 MP: 2/2
     0 | D:1      | 0 ||| qw: Version: 0.1-a-102-g441f92d
     0 | D:1      | 0 ||| qw: Game counter: 5207
     0 | D:1      | 0 ||| qw: Always use a shield: true
     0 | D:1      | 0 ||| qw: God list: Okawaru
     0 | D:1      | 0 ||| qw: Allow faded altars: false
     0 | D:1      | 0 ||| qw: Do Orc after D:15 true
     0 | D:1      | 0 ||| qw: Do second Lair branch before Depths: true
     0 | D:1      | 0 ||| qw: Lair rune preference: random
     0 | D:1      | 0 ||| qw: Plans: Normal
     0 | D:1      | 0 ||| PLANNING D:1-11
   258 | D:1      | 258 ||| INVOKING Fiery Armour.
   406 | D:1      | Found a faded altar of an unknown god.
   415 | D:1      | Reached XP level 2. HP: 21/24 MP: 3/3
   446 | D:1      | 446 ||| Stepping ~*~*~tactically~*~*~ (stealth).
   712 | D:1      | 712 ||| INVOKING Fiery Armour.
   904 | D:1      | Reached XP level 3. HP: 29/29 MP: 4/4
  1310 | D:1      | 1310 ||| Stepping ~*~*~tactically~*~*~ (stealth).
  1321 | D:1      | Reached skill level 1 in Dodging
  1573 | D:1      | 1573 ||| UPGRADING to +0 scale mail.
  1583 | D:1      | 1583 ||| DROPPING +0 robe.
  1584 | D:1      | 1584 ||| READING scroll labelled PUIFUO MEATI.
  1585 | D:1      | 1585 ||| READING 2 scrolls labelled CUOMIRO DYTUOZ.
  1586 | D:1      | 1586 ||| READING scroll labelled CIBREDD VYXTU.
  1587 | D:1      | 1587 ||| READING scroll labelled HEUNNI WETIAWE.
  1588 | D:1      | 1588 ||| READING scroll labelled CERIMASTREM.
  1589 | D:1      | 1589 ||| Stepping randomly (stuck).
  1590 | D:1      | 1590 ||| Stepping ~*~*~tactically~*~*~ (cloud).
  1932 | D:2      | Noticed Jessica
  1933 | D:2      | 1933 ||| FLEEEEING.
  1940 | D:2      | 1940 ||| FLEEEEING.
  1945 | D:2      | Killed Jessica
  1946 | D:2      | Reached XP level 4. HP: 30/35 MP: 5/5
  2110 | D:2      | Noticed Natasha
  2114 | D:2      | Killed Natasha
  2193 | D:2      | Noticed Sigmund
  2204 | D:2      | 2204 ||| INVOKING Fiery Armour.
  2205 | D:2      | HP: 7/35 [Sigmund/+0 scythe (8)]
  2206 | D:2      | Killed Sigmund
  2207 | D:2      | Reached skill level 6 in Axes
  2207 | D:2      | Reached XP level 5. HP: 8/41 MP: 6/6
  2207 | D:2      | Reached XP level 6. HP: 9/47 MP: 7/7
  2245 | D:2      | 2245 ||| Stepping ~*~*~tactically~*~*~ (stealth).
  2284 | D:2      | 2284 ||| Stepping ~*~*~tactically~*~*~ (stealth).
  2469 | D:2      | Noticed Natasha
  2470 | D:2      | 2470 ||| Stepping ~*~*~tactically~*~*~ (stealth).
  2471 | D:2      | 2471 ||| Stepping ~*~*~tactically~*~*~ (stealth).
  2487 | D:2      | Killed Natasha
  2650 | D:2      | Noticed Natasha
  2665 | D:2      | 2665 ||| INVOKING Fiery Armour.
  2665 | D:2      | HP: 8/47 [iron imp[Natasha] (7)]
  2666 | D:2      | Killed Natasha
  2674 | D:2      | 2674 ||| Stepping ~*~*~tactically~*~*~ (stealth).
  2676 | D:2      | 2676 ||| Stepping ~*~*~tactically~*~*~ (stealth).
  2950 | D:2      | 2950 ||| FLEEEEING.
  2951 | D:2      | 2951 ||| FLEEEEING.
  2952 | D:2      | 2952 ||| FLEEEEING.
  2953 | D:2      | 2953 ||| FLEEEEING.
  2954 | D:2      | 2954 ||| FLEEEEING.
  2955 | D:2      | 2955 ||| FLEEEEING.
  3170 | D:2      | 3170 ||| Stepping ~*~*~tactically~*~*~ (hiding).
  3426 | D:2      | 3426 ||| Stepping ~*~*~tactically~*~*~ (hiding).
  3626 | D:2      | 3626 ||| READING 2 scrolls labelled SITAPU SUTYCRE.
  3627 | D:2      | 3627 ||| READING scroll labelled ZIUSMUH ZICW.
  3628 | D:2      | 3628 ||| DRINKING 2 murky blue potions.
  3629 | D:2      | 3629 ||| DRINKING 2 viscous brown potions.
  3630 | D:2      | 3630 ||| READING 3 scrolls of identify.
  3630 | D:2      | 3630 ||| IDENTIFYING cyan potion
  3631 | D:2      | 3631 ||| READING 2 scrolls of identify.
  3631 | D:2      | 3631 ||| IDENTIFYING viscous ruby potion
  3632 | D:2      | 3632 ||| DROPPING potion of flight.
  3655 | D:3      | 3655 ||| STAIRDANCE
  3661 | D:3      | 3661 ||| STAIRDANCE
  3720 | D:3      | 3720 ||| Stepping ~*~*~tactically~*~*~ (stealth).
  3721 | D:3      | 3721 ||| Stepping ~*~*~tactically~*~*~ (stealth).
  3723 | D:3      | 3723 ||| Stepping ~*~*~tactically~*~*~ (stealth).
  3774 | D:3      | Reached skill level 1 in Throwing
  3880 | D:3      | Reached XP level 7. HP: 54/54 MP: 8/8
  4018 | D:3      | 4018 ||| Stepping ~*~*~tactically~*~*~ (stealth).
  4020 | D:3      | 4020 ||| Stepping ~*~*~tactically~*~*~ (stealth).
  4418 | D:3      | Found a runed translucent door.
  4419 | D:3      | Noticed Crazy Yiuf
  4422 | D:3      | 4422 ||| READING scroll labelled ITIUST RACEIHYNE.
  4423 | D:3      | 4423 ||| READING scroll labelled MYIVE XEUWNIPH.
  4484 | D:4      | 4484 ||| READING scroll of enchant weapon.
  4484 | D:4      | 4484 ||| ENCHANTING +0 hand axe of flaming.
  4706 | D:4      | 4706 ||| INVOKING Fiery Armour.
  4713 | D:4      | HP: 9/54 [gnoll/+1 halberd of freezing (7)]
  4714 | D:4      | 4714 ||| DRINKING potion of heal wounds.
  4961 | D:4      | Found an iron altar of Okawaru.
  4996 | D:4      | Found Apuejep's Weapon Shop.
  5120 | D:4      | Found a glowing golden altar of the Shining One.
  5120 | D:4      | Noticed Blork the orc
  5132 | D:4      | 5132 ||| INVOKING Fiery Armour.
  5133 | D:4      | Killed Blork the orc
  5393 | D:4      | Found a staircase to the Ecumenical Temple.
  5397 | D:4      | 5397 ||| UPGRADING to amulet of the acrobat.
  5402 | D:4      | 5402 ||| READING 2 scrolls of identify.
  5402 | D:4      | 5402 ||| IDENTIFYING black potion
  5403 | D:4      | 5403 ||| DROPPING potion of ambrosia.
  5424 | D:5      | Entered Level 5 of the Dungeon
  5794 | D:5      | Noticed a steam dragon
  5807 | D:5      | 5807 ||| INVOKING Fiery Armour.
  5809 | D:5      | Killed a steam dragon
  5810 | D:5      | Reached XP level 8. HP: 28/60 MP: 9/9
  6175 | D:5      | 6175 ||| READING scroll of enchant weapon.
  6175 | D:5      | 6175 ||| ENCHANTING +1 hand axe of flaming.
  6262 | D:5      | 6262 ||| SWAPPING to +0 battleaxe.
  6617 | D:5      | 6617 ||| UPGRADING to +0 chain mail.
  6627 | D:5      | 6627 ||| DROPPING +0 scale mail.
  6628 | D:5      | 6628 ||| UPGRADING to +0 tower shield.
  6633 | D:5      | 6633 ||| DRINKING 2 viscous inky potions.
  6634 | D:5      | 6634 ||| READING 3 scrolls of identify.
  6634 | D:5      | 6634 ||| IDENTIFYING fuming black potion
  6635 | D:5      | 6635 ||| READING 2 scrolls of identify.
  6635 | D:5      | 6635 ||| IDENTIFYING viscous puce potion
  6636 | D:5      | 6636 ||| DROPPING potion of brilliance.
  6637 | D:5      | 6637 ||| DROPPING potion of invisibility.
  6710 | D:6      | Reached skill level 2 in Shields
  6913 | D:6      | 6913 ||| READING scroll of enchant weapon.
  6913 | D:6      | 6913 ||| ENCHANTING +0 battleaxe.
  6928 | D:6      | Reached skill level 3 in Shields
  7097 | D:6      | Reached skill level 4 in Shields
  7229 | D:6      | 7229 ||| UPGRADING to +0 pair of gloves.
  7234 | D:6      | 7234 ||| UPGRADING to ring of willpower.
  7235 | D:6      | 7235 ||| READING scroll labelled AHEDUIMU SUASUIPLI.
  7236 | D:6      | 7236 ||| READING scroll labelled MEAL GOGIPA.
  7237 | D:6      | 7237 ||| READING scroll labelled YCWOUFFUCLO.
  7238 | D:6      | 7238 ||| READING 3 scrolls of identify.
  7238 | D:6      | 7238 ||| IDENTIFYING amethyst potion
  7239 | D:6      | 7239 ||| READING 2 scrolls of identify.
  7239 | D:6      | 7239 ||| IDENTIFYING metallic dark potion
  7240 | D:6      | 7240 ||| DROPPING potion of attraction.
  7241 | D:6      | 7241 ||| DROPPING potion of berserk rage.
  7277 | D:7      | 7277 ||| READING scroll of enchant weapon.
  7277 | D:7      | 7277 ||| ENCHANTING +1 battleaxe.
  7292 | D:7      | 7292 ||| READING scroll of enchant armour.
  7292 | D:7      | 7292 ||| ENCHANTING +0 pair of gloves.
  7373 | D:7      | 7373 ||| Stepping ~*~*~tactically~*~*~ (hiding).
  7380 | D:7      | 7380 ||| INVOKING Fiery Armour.
  7383 | D:7      | Reached skill level 5 in Shields
  7764 | D:7      | 7764 ||| Stepping ~*~*~tactically~*~*~ (stealth).
  7771 | D:7      | Reached skill level 6 in Shields
  7829 | D:7      | Reached skill level 7 in Shields
  7829 | D:7      | Reached XP level 9. HP: 49/68 MP: 10/10
  8112 | D:7      | 8112 ||| Stepping ~*~*~tactically~*~*~ (stealth).
  8130 | D:7      | Reached skill level 8 in Shields
  8130 | D:7      | 8130 ||| Stepping ~*~*~tactically~*~*~ (stealth).
  8200 | D:7      | 8200 ||| Stepping ~*~*~tactically~*~*~ (stealth).
  8201 | D:7      | 8201 ||| Stepping ~*~*~tactically~*~*~ (stealth).
  8202 | D:7      | 8202 ||| Stepping ~*~*~tactically~*~*~ (stealth).
  8205 | D:7      | 8205 ||| Stepping ~*~*~tactically~*~*~ (stealth).
  8212 | D:7      | Noticed Joseph
  8213 | D:7      | 8213 ||| Stepping ~*~*~tactically~*~*~ (hiding).
  8222 | D:7      | 8222 ||| INVOKING Fiery Armour.
  8226 | D:7      | HP: 10/68 [Joseph/+4 vorpal quarterstaff (12)]
  8228 | D:7      | Killed Joseph
  8229 | D:7      | Reached skill level 9 in Shields
  8242 | D:7      | Noticed Pikel
  8243 | D:7      | 8243 ||| Stepping ~*~*~tactically~*~*~ (stealth).
  8248 | D:7      | 8248 ||| Stepping ~*~*~tactically~*~*~ (stealth).
  8254 | D:7      | HP: 12/68 [Pikel/+1 whip of flaming (1)]
  8258 | D:7      | Killed Pikel
  8259 | D:7      | Reached skill level 11 in Shields
  8547 | D:7      | Noticed a kobold demonologist
  8550 | D:7      | Noticed a red devil
  8551 | D:7      | 8551 ||| INVOKING Fiery Armour.
  8557 | D:7      | Noticed a rust devil
  8561 | D:7      | Noticed a rust devil
  8563 | D:7      | Killed a kobold demonologist
  8568 | D:7      | HP: 14/67 [wight/+0 long sword (9)]
  8568 | D:7      | Mangled by a wight

Levels and vault maps discovered:
D:1:      dpeg_arrival_fog, layout_basic, nicolae_ecumenical_snake_handling,
          minmay_misc_feat_more_columns, serial_bayou_lagoon_a,
          minmay_strange_pillars
D:2:      layout_basic, minmay_octomino_j4, uniq_sigmund, uniq_jessica,
          uniq_natasha
D:3:      layout_loops_ring, uniq_crazy_yiuf_cottage
D:4:      layout_rooms, mainiacjoe_overflow_cross_hatched, lemuel_tele_altar,
          minmay_temple_entry_enclosed_plants, serial_shops, shop_fountains,
          corner_web_ring, nicolae_wormholes, uniq_blork_the_orc
D:5:      layout_loops_ring, serial_aquarium, aquarium_bridge_square
          [aquarium_subvault_bridge, aquarium_subvault_window,
          aquarium_subvault_window, aquarium_subvault_bridge],
          aquarium_window_corner, aquarium_window_1, aquarium_view_2c,
          aquarium_view_2c, aquarium_balcony_3b, chequers_serial_rivers_room_a,
          serial_park_tiny_2, chequers_serial_rivers_room_b,
          minmay_strange_pillars, minmay_crystal_room
D:6:      layout_basic
D:7:      layout_basic, mainiacjoe_overflow_catwalk, uniq_pikel, uniq_joseph,
          uniq_maggie

Skill      XL: |  1  2  3  4  5  6  7  8  9 |
---------------+----------------------------+-----
Axes           | 4 6 8 |  8.1
Dodging        | 1 |  1.0
Armour         | 2 4 |  4.1
Fighting       | 4 5 |  5.0
Throwing       | 1 |  1.2
Shields        | 7 11 | 11.3
Spellcasting   | |  1.1
Fire Magic     | |  3.0

Action                   |  1- 3 |  4- 6 |  7- 9 || total
-------------------------+-------+-------+-------++-------
Melee: Hand axe          |    77 |   104 |   145 ||   326
       Punch             |     1 |     2 |       ||     3
       Battleaxe         |       |       |   126 ||   126
Throw: Javelin           |       |     5 |     3 ||     8
       Boomerang         |       |       |    39 ||    39
Invok: Fiery Armour      |     2 |     2 |     6 ||    10
  Use: Scroll            |     5 |     4 |    15 ||    24
       Potion            |       |     2 |     2 ||     4
Armor: Robe              |    13 |       |       ||    13
       Scale mail        |     4 |    45 |    50 ||    99
       Chain mail        |       |       |    45 ||    45
Dodge: Dodged            |    41 |    48 |    93 ||   182
Block: Tower shield      |       |       |   109 ||   109

Table legend:
 A = Non-vault XP
 B = Vault XP
 C = Vault XP percentage of total XP
 D = Non-vault monster count
 E = Vault monster count
 F = Vault count percentage of total count
                 A         B        C        D         E       F
            +---------+---------+-------+---------+---------+-------
      Total |    2377 |    1604 |  40.3 |     120 |      15 |  11.1
            +---------+---------+-------+---------+---------+-------
        D:1 |      38 |       5 |  11.6 |      21 |       3 |  12.5
        D:2 |     135 |     301 |  69.0 |      23 |       5 |  17.9
        D:3 |      74 |       0 |   0.0 |      19 |       0 |   0.0
        D:4 |     100 |     115 |  53.5 |      14 |       4 |  22.2
        D:5 |     533 |       0 |   0.0 |       8 |       0 |   0.0
        D:6 |     272 |       5 |   1.8 |       6 |       1 |  14.3
        D:7 |    1225 |    1178 |  49.0 |      29 |       2 |   6.5
            +---------+---------+-------+---------+---------+-------
